AoeStats
← Cryex

Oasis

509486520Analyzed
2v2 RM · 6d ago on Sep 26, 2026· 28m 38s· 4 players
Game mode
Random Map
Map size
Medium (4 player)
Population
200
Speed
Normal
Resources
Standard
Victory
Conquest
Starting age
Dark Age
Ending age
Imperial Age
RankedLock teamsTeams togetherTeam positionsShared explorationLock speedFull tech treeHidden civsTurbo modeCheats
Victory
Defeat
🇹🇷 Inca · Türkiye
934
+36
🇹🇷 Sicilians · Türkiye
934
+36
🇧🇷 Huns · Brazil
919
-15
🇧🇷 Teutons · Brazil
914
-15
DiPunisher
1:02 Loom
10:39 Feudal Age
19:08 Castle Age
17:03 Horse Collar
17:07 Man-at-Arms
17:39 Arson
19:51 Wheelbarrow
19:04 Double-Bit Axe
19:40 Gambesons
19:58 Squires
20:43 Forging
20:30 Long Swordsman
26:44 Hand Cart
Cryex
8:17 Loom
10:05 Feudal Age
10:59 Horse Collar
11:07 Double-Bit Axe
20:34 Castle Age
19:40 Forging
24:06 Husbandry
27:04 Scale Barding Armor
BillyyButcheeerrr
0:28 Loom
11:52 Feudal Age
12:14 Horse Collar
12:20 Double-Bit Axe
18:57 Gold Mining
21:30 Castle Age
19:51 Arson
25:08 Forging
24:58 Scale Mail Armor
24:53 Fletching
icagrierdogann
1:07 Loom
12:01 Feudal Age
13:14 Gold Mining
13:11 Double-Bit Axe
15:32 Champi Runner
19:03 Padded Archer Armor
18:55 Fletching
21:25 Horse Collar
23:53 Castle Age
24:50 Wheelbarrow
26:06 Hand Cart
25:50 Bodkin Arrow
26:10 Leather Archer Armor
25:40 Crossbowman
Connection lost

Rejoining the realm…

Still unreachable

The connection could not be restored.

Session expired

The server has moved on; the page needs a fresh start.